 Dungeon Crawl Stone Soup version 0.27-a0-543-gd81048afd2 (webtiles) character file.

Game seed: 6614063921258800812

2305 Froggeryz the Cleaver (level 9, -4/121 (123) HPs)
             Began as a Deep Dwarf Fighter on Mar 6, 2021.
             Slain by an orc warrior
             ... wielding a +0 halberd
              (11 damage)
             ... on level 7 of the Dungeon on Mar 7, 2021.
             The game lasted 00:15:28 (3226 turns).

Froggeryz the Cleaver (Deep Dwarf Fighter)          Turns: 3226, Time: 00:15:28

HP:   -4/121 (123)  AC:  9    Str: 23    XL:     9   Next: 18%
MP:   1/1           EV:  8    Int:  9    God:
Gold: 264           SH: 11    Dex: 12    Spells: 8/8 levels left

rFire    + . .     SeeInvis .   a - +0 war axe
rCold    + . .     Faith    .   c - +0 kite shield
rNeg     . . .     Spirit   .   b - +0 scale mail
rPois    .         Reflect  .   i - +0 helmet
rElec    .         Harm     .   g - +0 cloak
rCorr    .         Rampage  .   (no gloves)
Will     +....                  (no boots)
Stlth    ..........             o - amulet of the acrobat
HPRegen  0.00/turn              h - ring of protection from cold
MPRegen  0.07/turn              t - ring of protection from fire

@: berserking (expiring), non-regenerating, lightly drained, very quick
A: damage resistance, heal wounds, sense surroundings 2, no regeneration
a: Heal Wounds


You were on level 7 of the Dungeon.
You visited 2 branches of the dungeon, and saw 8 of its levels.
You also visited: Sewer.

You collected 264 gold pieces.

Inventory:

Hand Weapons
 a - a +0 war axe (weapon)
Missiles
 e - 2 curare-tipped darts
 l - 30 poisoned darts (quivered)
Armour
 b - a +0 scale mail (worn)
 c - a +0 kite shield (worn)
 g - a +0 cloak (worn)
 i - a +0 helmet (worn)
Jewellery
 h - a ring of protection from cold (left hand)
 o - an amulet of the acrobat (around neck)
 t - a ring of protection from fire (right hand)
 w - a +6 ring of dexterity
Wands
 y - a wand of random effects (20)
Scrolls
 f - a scroll of random uselessness
 j - a scroll of enchant weapon
 r - a scroll of immolation
 s - a scroll of enchant armour {unknown}
 v - a scroll of teleportation
 x - a scroll of fear {unknown}
Potions
 d - 4 potions of might
 k - 4 potions of curing
 m - 3 potions of lignification
 n - 5 potions of heal wounds
 p - 2 potions of mutation
 q - a potion of berserk rage
 u - a potion of magic {unknown}


   Skills:
 + Level 5.9 Fighting
 * Level 10.6 Axes
 - Level 3.2 Armour
 + Level 6.5 Shields


You had 8 spell levels left.
You didn't know any spells.
Your spell library contained the following spells:

 Spells                   Type           Power      Damage    Failure   Level
 Beastly Appendage        Tmut           0%         N/A       97%         1
 Wereblood                Tmut           0%         N/A       99%         2
 Spider Form              Tmut/Pois      0%         N/A       100%        3
 Ice Form                 Ice/Tmut       0%         N/A       100%        4
 Blade Hands              Tmut           0%         N/A       100%        5


Dungeon Overview and Level Annotations

Branches:
Dungeon (7/15)             Temple (1/1) D:4           Sewer (visited)

Altars:
Ashenzari
Cheibriados
Dithmenos
Fedhas
Gozag
Kikubaaqudgha
Nemelex Xobeh
Okawaru
Ru
Sif Muna
Trog
Uskayaw
Vehumet
Xom
Yredelemnul
Zin
The Shining One


Innate Abilities, Weirdness & Mutations

You are resistant to damage.
You can heal yourself by infusing magical energy.
You passively map the area around you.
You do not regenerate.


Message History

You barely miss the orc. The gnoll hits you but does no damage.
The orc priest hits you with a +0 whip.
* * * LOW HITPOINT WARNING * * *
You slash the orc priest!
You kill the orc priest!
You slash the orc!
You kill the orc!
The gnoll hits you but does no damage. You block the orc warrior's attack.
The gnoll hits you with a +0 spear.
* * * LOW HITPOINT WARNING * * *
There is an open door here.
You barely miss the gnoll. You slash the iguana!
You barely miss the orc warrior.
The orc warrior hits you with a +0 halberd.
* * * LOW HITPOINT WARNING * * *
You closely miss the gnoll. You closely miss the iguana.
You closely miss the orc warrior. You block the iguana's attack.
You block the gnoll's attack.
Your shield and scale mail prevent you from hitting the orc warrior.
You barely miss the iguana. You slash the gnoll!
The orc warrior hits you with a +0 halberd!
* * * LOW HITPOINT WARNING * * *
The iguana bites you but does no damage.
You block the gnoll's attack.
You slash the orc warrior!
The orc warrior is moderately wounded.
You hit the iguana.
You kill the iguana!
You hit the gnoll. You block the orc warrior's attack.
You slash the orc warrior!
The orc warrior is severely wounded.
You slash the gnoll!
You kill the gnoll!
You hit the gnoll.
You kill the gnoll!
You hit the orc warrior.
The orc warrior is almost dead.
You barely miss the gnoll.
The orc warrior hits you with a +0 halberd!
You die...

,, , ....>... **
, ** , *
........ * ,,, ,
........* , # ,
,........## .# ,
, , .........#
.># *
.......#.##...#
* *
.......)).....#
, ,,
......g#.###..#
,
(...<.)@...#..#
*
,......o##..#..#
, .......
#..#..# *
.......*##.#..#
*,* * * *
##+#### #....#
*, ,, * #....#
,, #######....#
...........#,
,,,,
########)..+
,,,,


You could see an orc warrior and a gnoll.

Vanquished Creatures
  Menkaure (D:4)
  An ice beast (D:7)
  An orc warrior (D:6)
  An ogre (D:5)
  3 kobold brigands (Sewer)
  2 bullfrogs
  17 wights
  A centaur zombie (D:6)
  A centaur skeleton (D:5)
  3 orc priests
  A bullfrog skeleton (D:6)
  2 hounds
  Crazy Yiuf (D:5)
  2 iguanas
  7 orc wizards
  3 worker ants (D:6)
  A hound skeleton (D:6)
  3 gnolls
  9 adders
  A shadow imp (D:6)
  A white imp (D:5)
  An ufetubus (D:6)
  3 oozes (Sewer)
  An adder zombie (D:5)
  An adder skeleton (D:6)
  3 worms
  3 dart slugs
  8 leopard geckos
  21 orcs
  4 giant cockroaches
  5 goblins (D:1)
  9 hobgoblins
  20 jackals
  16 kobolds
  A quokka (D:5)
  3 ball pythons
  3 bats
  4 frilled lizards
  7 rats
175 creatures vanquished.

Vanquished Creatures (others)
  7 plants
7 creatures vanquished.

Grand Total: 182 creatures vanquished

Notes
Turn   | Place    | Note
-------+----------+-------------------------------------------
     0 | D:1      | Froggeryz the Deep Dwarf Fighter began the quest for the
                  | Orb.
     0 | D:1      | Reached XP level 1. HP: 20/20 MP: 1/1
    68 | D:1      | Reached skill level 3 in Axes
    71 | D:1      | Reached XP level 2. HP: 21/27 MP: 2/2
   242 | D:1      | Reached XP level 3. HP: 21/33 MP: 3/3
   275 | D:1      | Reached skill level 4 in Axes
   450 | D:2      | Reached XP level 4. HP: 35/40 MP: 4/4
   508 | D:2      | Reached skill level 5 in Axes
  1014 | D:4      | Reached XP level 5. HP: 20/46 MP: 5/5
  1137 | D:4      | Noticed Menkaure
  1145 | D:4      | Killed Menkaure
  1146 | D:4      | Reached skill level 6 in Axes
  1256 | D:4      | Reached XP level 6. HP: 34/56 MP: 6/6
  1288 | D:4      | Found a staircase to the Ecumenical Temple.
  1305 | Temple   | Entered the Ecumenical Temple
  1459 | D:4      | Reached skill level 7 in Axes
  1529 | D:5      | Entered Level 5 of the Dungeon
  1589 | D:5      | Found a runed translucent door.
  1590 | D:5      | Noticed Crazy Yiuf
  1612 | D:5      | HP: 1/84 [poisoned by Crazy Yiuf]
  1616 | D:5      | Killed Crazy Yiuf
  1774 | D:5      | Reached XP level 7. HP: 38/63 MP: 4/4
  1932 | D:5      | Found a sparkling altar of Nemelex Xobeh.
  2112 | D:5      | Found a glowing drain.
  2131 | Sewer    | Entered a sewer
  2279 | Sewer    | Reached skill level 8 in Axes
  2493 | D:6      | Reached XP level 8. HP: 31/70 MP: 4/4
  2511 | D:6      | Reached skill level 5 in Shields
  2540 | D:6      | Reached skill level 9 in Axes
  2648 | D:6      | Upgraded the game from 0.27-a0-535-g7eaf864cf9 to
                  | 0.27-a0-543-gd81048afd2
  2799 | D:6      | Reached skill level 5 in Fighting
  2887 | D:6      | Found a shimmering altar of Xom.
  3082 | D:6      | Reached skill level 10 in Axes
  3133 | D:7      | Found an iron altar of Okawaru.
  3168 | D:7      | Gained mutation: You passively map the area around you.
                  | [Deep Dwarf growth]
  3168 | D:7      | Reached XP level 9. HP: 25/75 MP: 1/1
  3226 | D:7      | Slain by an orc warrior

Illustrated notes

Levels and vault maps discovered:
D:1:      lightli_arrival_farm, layout_loops_ring,
          chequers_serial_rivers_small_3, hangedman_feature_mirror
D:2:      layout_loops_ring, minmay_misc_feat_tower, item_on_display_a
D:3:      layout_rooms, nzn_hepliaklqana_mist_gate
D:4:      layout_basic, minmay_temple_entry_offerings, uniq_menkaure
D:5:      layout_rooms, elyvilon_altar_3, lemuel_doored_altar,
          portal_sewer_entry_d, chequers_big_river, nemelex_spade_bored_becter,
          uniq_crazy_yiuf_cottage
D:6:      layout_basic, lemuel_coloured_pillars_altar, minmay_tree_intersection
D:7:      layout_basic, nicolae_qazlal_eye_of_the_storm, okawaru_gym_becter
Temple:   kb_temple_of_zot

Skill      XL: |  1  2  3  4  5  6  7  8 |
---------------+-------------------------+-----
Axes           | 3 4 5 6 7 8 10 | 10.6
Fighting       | 3 4 5 |  5.9
Shields        | 4 6 |  6.5
Armour         | |  3.2

Action                   |  1- 3 |  4- 6 |  7- 9 || total
-------------------------+-------+-------+-------++-------
Melee: War axe           |   105 |   155 |   311 ||   571
 Abil: Heal Wounds       |     1 |     6 |    10 ||    17
  Use: Potion            |       |     5 |     4 ||     9
       Scroll            |       |       |     6 ||     6
Armor: Scale mail        |    65 |    82 |   125 ||   272
Dodge: Dodged            |    41 |    42 |   131 ||   214
Block: Kite shield       |    73 |    85 |   213 ||   371

Table legend: (Time is in decaauts)
 A = Elapsed time spent in this place.
 B = Non-inter-level travel time spent in this place.
 C = Inter-level travel time spent in this place.
 D = Time resting spent in this place.
 E = Time spent auto-exploring this place.
 F = Levels seen in this place.
 G = Mean time per level.
                   A        B        C        D        E       F      G
               +--------+--------+--------+--------+--------+-----+--------+
         Total |   3457 |   3381 |     76 |     86 |    330 |   9 |  384.1 |
       Dungeon |   3091 |   3015 |     76 |     86 |    330 |   7 |  441.6 |
        Temple |     73 |     73 |      0 |      0 |      0 |   1 |   73.0 |
         Sewer |    291 |    291 |      0 |      0 |      0 |   1 |  291.0 |
               +--------+--------+--------+--------+--------+-----+--------+

Top non-repeatable levels by time:
     D:5: 698 daAuts
     D:6: 685 daAuts
     D:4: 502 daAuts
     D:2: 389 daAuts
     D:1: 367 daAuts
     D:3: 303 daAuts
   Sewer: 291 daAuts
     D:7: 143 daAuts
  Temple: 73 daAuts
